Map: Hardwire LE

Players

Woogie - Winner!

  • Race: Protoss Protoss
  • League: Diamond

toduro

  • Race: Terran Terran
  • League: Master

VOD

Have the link to the VOD?

Description

Time

  • Played on: March 14, 2022, 9:35 p.m.
  • Length: 8:14
Show
View Real Time Build Order
Export as new Build Order

Woogie Protoss - Winner!

Build Orders: 1 Gate Expand 

Get SALT Encoding   

  12  0:00  Probe  
  13  0:12  Probe  
  14  0:25  Probe, Pylon  
  15  0:43  Probe  
  15  0:44  Gateway  
  16  0:55  Probe  
  17  1:07  Probe  
  18  1:20  Assimilator, Nexus  
  18  1:31  Probe  
  18  1:32  Cybernetics Core  
  19  1:47  Probe  
  20  2:01  Pylon  
  20  2:06  Adept (Chrono Boost)  
  22  2:18  Probe, Warp Gate (Chrono Boost)  
  22  2:21  Pylon  
  23  2:30  Adept  
  25  3:03  Probe x2  
  25  3:04  Gateway  
  25  3:05  Assimilator  
  27  3:07  Adept  
  29  3:15  Probe x2, Gateway  
  31  3:25  Twilight Council  
  31  3:27  Probe x2  
  33  3:39  Probe x2  
  35  3:52  Probe  
  35  3:53  Probe  
  37  3:57  Pylon  
  37  4:04  Probe  
  37  4:05  Probe  
  39  4:10  Robotics Facility  
  39  4:12  Stalker  
  39  4:13  Stalker, Gateway x2  
  39  4:14  Stalker  
  39  4:17  Probe  
  46  4:44  Stalker  
  46  4:45  Stalker x2  
  46  5:05  Observer  
  44  5:08  Stalker x2  
  48  5:32  Stalker x2  
  48  5:33  Probe x2 (Chrono Boost)  
  48  5:43  Assimilator  
  48  5:45  Probe x2 (Chrono Boost)  
  48  5:46  Assimilator  
  50  5:53  Probe (Chrono Boost)  
  50  5:55  Probe (Chrono Boost)  
  52  5:59  Probe, Stalker x3  
  59  6:06  Probe (Chrono Boost)  
  60  6:11  Probe (Chrono Boost)  
  60  6:14  Pylon  
  60  6:18  Probe (Chrono Boost), Pylon  
  62  6:19  Pylon  
  62  6:21  Pylon  
  62  6:31  Probe  
  62  6:32  Probe, Observer  
  65  6:34  Forge  
  65  6:35  Forge  
  65  6:36  Robotics Bay  
  65  6:44  Probe x2  
  67  6:56  Probe x2  
  67  6:58  Stargate  
  69  7:08  Probe (Chrono Boost)  
  70  7:12  Probe (Chrono Boost)  
  68  7:20  Probe (Chrono Boost)  
  70  7:24  Probe (Chrono Boost)  
  70  7:27  Probe (Chrono Boost)  
  70  7:29  Probe (Chrono Boost)  
  69  7:34  Probe  
  70  7:43  Photon Cannon  
  70  7:44  Photon Cannon  
  70  7:45  Probe  
  70  7:46  Probe  
  74  7:57  Probe  
  75  7:58  Probe  
Show
View Real Time Build Order
Export as new Build Order

toduro Terran 

Build Orders: Reaper Expand 

Get SALT Encoding   

  12  0:00  SCV  
  14  0:14  SCV  
  14  0:18  Supply Depot  
  14  0:26  SCV  
  15  0:39  SCV  
  15  0:41  Barracks  
  16  0:45  Refinery  
  16  0:52  SCV  
  17  1:05  SCV  
  18  1:17  SCV  
  19  1:29  Reaper, Orbital Command  
  20  1:46  Command Center  
  20  1:57  SCV  
  20  1:58  Supply Depot  
  20  2:01  Marine  
  22  2:09  SCV  
  22  2:13  Factory  
  23  2:23  Barracks Reactor  
  23  2:24  Bunker  
  23  2:29  Refinery  
  23  2:33  SCV  
  24  2:45  SCV  
  25  2:57  SCV  
  26  2:59  Orbital Command  
  26  3:04  Marine x2  
  28  3:07  Starport  
  28  3:08  Widow Mine  
  28  3:09  SCV  
  31  3:22  Marine x2  
  31  3:25  Supply Depot  
  33  3:27  SCV  
  33  3:29  SCV  
  35  3:39  SCV, Marine x2  
  38  3:47  Widow Mine, Medivac  
  38  3:48  SCV  
  42  3:52  Supply Depot  
  42  3:53  SCV  
  43  3:57  Marine x2  
  43  4:00  SCV  
  46  4:05  SCV  
  49  4:12  SCV  
  49  4:14  Supply Depot  
  49  4:15  Marine x2  
  51  4:20  Factory Tech Lab  
  49  4:29  Starport Tech Lab  
  49  4:30  SCV  
  49  4:35  Command Center  
  49  4:44  SCV x2  
  49  4:46  Marine x2  
  49  4:47  Siege Tank  
  52  4:58  Raven  
  48  5:13  SCV  
  48  5:15  Orbital Command  
  43  5:28  Siege Tank, Marine x2  
  43  5:32  Supply Depot x2  
  41  5:39  SCV  
  42  5:46  SCV  
  43  5:56  SCV  
  44  5:58  SCV  
  44  6:00  Orbital Command  
  48  6:04  Siege Tank, Marine x2  
  48  6:08  SCV  
  51  6:30  Bunker  
  51  6:34  Marine x2  
  51  6:35  SCV x2, Orbital Command  
  54  6:53  SCV  
  55  6:59  SCV  
  55  7:00  Marine x2  
  58  7:01  Siege Tank  
  58  7:02  Raven  
  58  7:05  SCV  
  64  7:14  SCV x2  
  62  7:17  Refinery  
  62  7:20  Barracks  
  62  7:21  Barracks  
  62  7:22  Barracks  
  60  7:23  Barracks  
  60  7:26  Engineering Bay  
  60  7:27  Engineering Bay  
  60  7:28  Refinery  
  60  7:30  SCV  
  60  7:35  Siege Tank  
  64  7:38  Marine  
  68  7:58  SCV x2  
Tags
 
Add a new tag
Caveats
  • Supply blocks, unpowered buildings, or Contaminate may cause inaccurate times.
  • Supply counts are checked every 10 seconds.